Description

my training

Replay - Liraquin v Nikki - Overgrowth LE (Void)

Build Order

Get SALT Encoding   

  12  0:01  Probe (Chrono Boost)  
  13  0:11  Probe (Chrono Boost)  
  14  0:17  Pylon  
  14  0:22  Probe (Chrono Boost)  
  15  0:36  Probe (Chrono Boost)  
  15  0:38  Gateway  
  16  0:44  Assimilator  
  16  0:47  Probe (Chrono Boost)  
  17  1:02  Probe (Chrono Boost)  
  18  1:15  Probe (Chrono Boost)  
  19  1:30  Nexus  
  19  1:34  Probe (Chrono Boost)  
  20  1:41  Cybernetics Core  
  20  1:46  Probe (Chrono Boost)  
  21  1:56  Pylon  
  21  2:01  Probe (Chrono Boost)  
  22  2:05  Assimilator  
  22  2:17  Probe (Chrono Boost), Stalker  
  25  2:28  Warp Gate  
  26  2:30  Probe (Chrono Boost)  
  26  2:43  Mothership Core (Chrono Boost)  
  28  2:44  Gateway  
  28  2:45  Gateway  
  28  2:49  Probe (Chrono Boost)  
  28  2:50  Adept  
  31  2:59  Probe (Chrono Boost)  
  31  3:03  Probe (Chrono Boost)  
  33  3:09  Pylon  
  33  3:10  Probe (Chrono Boost)  
  34  3:19  Probe (Chrono Boost)  
  35  3:20  Probe (Chrono Boost)  
  35  3:22  Twilight Council  
  36  3:40  Probe x2 (Chrono Boost)  
  38  3:46  Pylon  
  38  3:48  Pylon  
  38  3:51  Probe (Chrono Boost)  
  38  3:52  Probe (Chrono Boost)  
  40  4:07  Dark Shrine  
  40  4:12  Probe x2 (Chrono Boost)  
  40  4:16  Robotics Facility  
  42  4:29  Gateway  
  42  4:30  Probe x2 (Chrono Boost)  
  44  4:42  Probe x2 (Chrono Boost)  
  48  4:54  Probe x2 (Chrono Boost)  
  48  4:55  Assimilator  
  48  4:59  Assimilator  
  48  5:03  Observer  
  48  5:06  Probe x2 (Chrono Boost)  
  51  5:08  Nexus  
  51  5:10  Pylon  
  51  5:14  Pylon  
  51  5:19  Warp Prism  
  53  5:31  Probe (Chrono Boost)  
  53  5:32  Probe (Chrono Boost)  
  55  5:41  Charge  
  55  5:47  Pylon  
  55  5:49  Pylon, Probe (Chrono Boost)  
  57  5:50  Probe (Chrono Boost)  
  57  5:53  Gateway  
  57  5:54  Gateway  
  57  5:56  Gateway  
  57  6:01  Probe (Chrono Boost)  
  57  6:02  Probe (Chrono Boost)  
  57  6:03  Dark Templar  
  57  6:04  Dark Templar x3  
  65  6:08  Archon x2, Immortal  
  67  6:14  Probe x2 (Chrono Boost)  
  73  6:27  Forge  
  73  6:29  Forge  
  73  6:48  Immortal  
  80  7:15  Probe (Chrono Boost)  
  80  7:16  Probe (Chrono Boost)  
  80  7:17  Probe (Chrono Boost)  
  80  7:28  Zealot x2  
  80  7:29  Probe x2 (Chrono Boost), Zealot x2, Protoss Ground Weapons Level 1  
  90  7:30  Protoss Ground Armor Level 1  
  86  7:49  Immortal  
  86  7:50  Probe (Chrono Boost)  
  93  7:51  Assimilator, Probe (Chrono Boost)  
  93  7:52  Probe (Chrono Boost)  
  93  7:55  Assimilator  
  93  8:01  Probe (Chrono Boost)  
  93  8:04  Probe x2 (Chrono Boost)  
  96  8:11  Assimilator  
  96  8:12  Nexus  
  96  8:13  Pylon  
  96  8:15  Pylon  
  96  8:16  Pylon, Assimilator, Gateway  
  96  8:18  Pylon x2, Gateway x2  
  96  8:20  Probe (Chrono Boost)  
  96  8:21  Pylon  
  96  8:22  Probe x2 (Chrono Boost)  
  99  8:27  Templar Archives  
  99  8:36  Zealot x4  
  99  8:37  Zealot x3  
  113  8:48  Probe (Chrono Boost)  
  116  8:49  Probe x2 (Chrono Boost)  
  116  8:58  Probe (Chrono Boost)  
  116  9:01  Probe x2 (Chrono Boost)  
  114  9:14  Protoss Ground Weapons Level 2  
  114  9:15  Protoss Ground Armor Level 2  
  102  9:19  Zealot x4  
  102  9:20  Zealot x6  
  102  9:22  Psionic Storm  
  122  9:38  Immortal  
  122  9:44  Robotics Facility  
  122  9:48  Probe (Chrono Boost)  
  122  9:50  Robotics Facility, Probe x3 (Chrono Boost)  
  126  9:56  Zealot x5  
  126  9:57  Zealot x5  
Spawning Tool Build Advisor. Get it on Overwolf

Analysis

my training

Go to:

Details

  • Created by: makeallry
  • Published on: Dec 01, 2016
  • Modified on: Dec 01, 2016
  • Patch: Pre-3.8.0
Show
View Real Time Build Order
Export as new Build Order

Comments (0)

There are no comments. Be the first!

Create an account to comment!